 Dungeon Crawl Stone Soup version 0.32-a0-350-g4f4d228785 (webtiles) character file.

Game seed: 14522473183001384817

1864 n00bmints the Basher (level 9, 0/52 (68) HPs)
             Began as a Human Berserker on Feb 17, 2024.
             Was a Follower of Trog.
             Slain by a wight
             ... wielding a +2 mace
              (1 damage)
             ... on level 7 of the Dungeon.
             The game lasted 00:18:59 (5957 turns).

n00bmints the Basher (Human Berserker)              Turns: 5957, Time: 00:19:02

HP:   0/52 (68)     AC:  7    Str: 22    XL:     9   Next: 13%
MP:   9/9           EV: 12    Int:  8    God:    Trog [*.....]
Gold: 373           SH:  5    Dex: 18    Spells: 8/8 levels left

rFire   . . .        l - +4 club (spect)
rCold   . . .        u - +0 buckler
rNeg    . . .        m - +0 ring mail
rPois   .            (no helmet)
rElec   .            i - +0 cloak
rCorr   +            (no gloves)
SInv    .            (no boots)
Will    .....        (no amulet)
Stlth   ++           j - ring of resist corrosion
HPRegen 0.28/turn    k - +6 ring of dexterity
MPRegen 0.11/turn

%: no passive effects
@: on berserk cooldown, slowed, heavily drained, very slow
A: explore regen
a: Renounce Religion, Berserk


You were on level 7 of the Dungeon.
You worshipped Trog.
Trog was aware of your devotion.
You visited 1 branch of the dungeon, and saw 7 of its levels.

You collected 373 gold pieces.

Inventory:

Hand Weapons
 a - a +0 mace
 l - a +4 spectral club (weapon)
Armour
 i - a +0 cloak (worn)
 m - a +0 ring mail (worn)
 u - a +0 buckler (worn)
Jewellery
 j - a ring of resist corrosion (left hand)
 k - a +6 ring of dexterity (right hand)
 r - a +5 ring of evasion
 A - a ring of protection from cold
Wands
 z - a wand of charming (7)
Scrolls
 b - 5 scrolls of identify {unknown}
 c - 2 scrolls of poison {unknown}
 d - a scroll of fog {unknown}
 f - 2 scrolls of enchant weapon {unknown}
 h - 3 scrolls of immolation {unknown}
 n - 3 scrolls of fear {unknown}
 o - a scroll of teleportation {unknown}
 p - 2 scrolls of blinking {unknown}
 x - a scroll of brand weapon {unknown}
 y - a scroll of noise {unknown}
 C - a scroll of vulnerability {unknown}
Potions
 e - a potion of cancellation {unknown}
 g - 3 potions of haste {unknown}
 q - 2 potions of degeneration {unknown}
 s - a potion of invisibility {unknown}
 t - 3 potions of lignification {unknown}
 v - a potion of heal wounds {unknown}
 w - 2 potions of berserk rage {unknown}
 B - a potion of enlightenment {unknown}
 D - a potion of brilliance {unknown}
 E - a potion of curing {unknown}
 F - a potion of mutation {unknown}


   Skills:
 + Level 5.5 Fighting
 + Level 8.0 Maces & Flails
 + Level 6.1 Armour
 + Level 4.0 Dodging
 + Level 2.2 Stealth
 + Level 1.7 Shields


You had 8 spell levels left.
You didn't know any spells.
Your spell library was empty.

Dungeon Overview and Level Annotations

Branches:
Dungeon (7/15)             Temple (0/1) D:6

Altars:
Ashenzari
Dithmenos
Fedhas
Makhleb
Nemelex Xobeh
Uskayaw


Innate Abilities, Weirdness & Mutations

You regain HP and MP as you explore.


Message History

You hit the wight but do no damage.
The wight is lightly damaged.
The wight hits you but does no damage. The wight hits you with a +2 mace.
You feel drained.
You barely miss the wight.
The wight is lightly damaged.
You block the wight's attack.
You completely miss the wight.
The wight is lightly damaged.
You block the wight's attack. The wight barely misses you.
You hit the wight but do no damage.
The wight is lightly damaged.
The wight hits you with a +2 mace.
Okay, then.
You hit the wight.
The wight is heavily damaged.
The wight hits you with a +2 mace.
You feel drained.
You hit the wight but do no damage.
The wight is heavily damaged.
The wight hits you with a +2 mace. x2
You hit the wight but do no damage.
The wight is heavily damaged.
The wight barely misses you.
You barely miss the wight.
The wight is heavily damaged.
The wight hits you with a +2 mace.
You feel drained.
You hit the wight but do no damage.
The wight is heavily damaged.
The wight closely misses you. You block the wight's attack.
You hit the wight.
The wight is heavily damaged.
The wight hits you with a +2 mace.
You feel drained. The wight attacks as it pursues you!
The wight hits you with a +2 mace!
* * * LOW HITPOINT WARNING * * *
You feel drained.
* * * LOW HITPOINT WARNING * * *
The wight hits you with a +2 mace!
* * * LOW HITPOINT WARNING * * *
You feel drained.
You die...

....#............#
....#..#''######.#
....#..#.......#.#
)...#..#.......#.#
....#..#.......#.#
....#..#.......#.#
..<.#..#.......'.#
....#).#..†....#.#
....'..#.......#@#
....#..#.......#z#
....#..#.......#z#
...>#..#########z#
....#... .......z#
....#........z...#
....#............#
....##########+###


You could see 4 wights.

Vanquished Creatures
  Grinder (D:6)
  A black bear (D:6)
  2 ogres
  2 ice beasts
  2 phantoms
  A centaur (D:6)
  A bullfrog (D:7)
  2 scorpions
  A wight (D:7)
  A howler monkey (D:6)
  5 hounds
  2 jellies
  An orc priest (D:7)
  A gnoll bouda (D:5)
  2 sleepcaps (D:5)
  Jessica (D:2)
  4 iguanas
  9 adders
  5 gnolls
  A white imp (D:6)
  4 ufetubi
  3 ribbon worms
  10 orcs
  3 bats
  6 endoplasms
  A giant cockroach (D:1)
  6 goblins
  4 jackals (D:4)
  A kobold (D:4)
  6 ball pythons
  3 frilled lizards (D:2)
  3 rats
95 creatures vanquished.

Notes
Turn   | Place    | Note
-------+----------+-------------------------------------------
     0 | D:1      | n00bmints the Human Berserker began the quest for the Orb.
     0 | D:1      | Reached XP level 1. HP: 18/18 MP: 1/1
   239 | D:1      | Reached XP level 2. HP: 24/24 MP: 2/2
   487 | D:1      | Found a faded altar of an unknown god.
   738 | D:2      | Reached XP level 3. HP: 29/29 MP: 3/3
   897 | D:2      | Identified the +1 dagger of Teinudwo {freeze, rF+ Dex+5}
   954 | D:2      | Noticed Jessica
   960 | D:2      | Killed Jessica
   961 | D:2      | Reached XP level 4. HP: 31/37 MP: 4/4
  1006 | D:2      | Reached ** piety under Trog
  1047 | D:2      | Reached skill level 4 in Maces & Flails
  1640 | D:3      | Found a broken altar of Ashenzari.
  1740 | D:3      | Found a burning altar of Makhleb.
  1836 | D:3      | Found a sparkling altar of Nemelex Xobeh.
  2009 | D:3      | Found a shadowy altar of Dithmenos.
  2016 | D:3      | Found a blossoming altar of Fedhas.
  2052 | D:3      | Reached XP level 5. HP: 42/42 MP: 5/5
  2058 | D:3      | Found a glowing drain.
  2392 | D:4      | Noticed a phantom
  2398 | D:4      | Killed a phantom
  2679 | D:4      | Reached XP level 6. HP: 42/48 MP: 6/6
  2818 | D:4      | Reached skill level 1 in Stealth
  2982 | D:4      | Reached skill level 5 in Maces & Flails
  3424 | D:5      | Entered Level 5 of the Dungeon
  3549 | D:5      | Noticed an ice beast
  3564 | D:5      | Reached XP level 7. HP: 55/55 MP: 7/7
  3910 | D:5      | Reached skill level 6 in Maces & Flails
  4357 | D:5      | Reached XP level 8. HP: 61/61 MP: 8/8
  4861 | D:6      | Reached skill level 5 in Armour
  4931 | D:6      | Found a hide-covered altar of Uskayaw.
  4981 | D:6      | Reached skill level 7 in Maces & Flails
  5146 | D:6      | Noticed Grinder
  5148 | D:6      | Paralysed by Grinder for 3 turns
  5156 | D:6      | Killed Grinder
  5157 | D:6      | Reached skill level 5 in Fighting
  5157 | D:6      | Reached skill level 1 in Shields
  5373 | D:6      | Found a staircase to the Ecumenical Temple.
  5775 | D:7      | Reached XP level 9. HP: 59/68 MP: 9/9
  5906 | D:7      | Reached skill level 8 in Maces & Flails
  5957 | D:7      | HP: 1/54 [wight/+2 mace (8)]
  5957 | D:7      | Slain by a wight

Illustrated notes

Levels and vault maps discovered:
D:1:      dpeg_arrival_court, layout_basic, shapermc_ecumenical_altar_acropolis
D:2:      layout_loops_ring, amcnicky_mini_pool_small, minmay_goblin_outpost,
          uniq_jessica
D:3:      layout_basic, nemelex_spade_bored_becter,
          mainiacjoe_overflow_concentric_impassable,
          mainiacjoe_overflow_chevrons, mainiacjoe_overflow_big_doors,
          cheibrodos_sewer_entry_bend
D:4:      layout_loops_corners, minmay_misc_feat_tiny
D:5:      layout_loops_corners, serial_glass, glass_columns_a, glass_columns_a,
          glass_columns_a, glass_columns_a, feat_on_display, item_on_display_b,
          due_unseen_surprise
D:6:      layout_basic, general_overflow_altar, temple_green, uniq_grinder
D:7:      layout_basic, nicolae_twisty_statue_hallways

Skill      XL: |  1  2  3  4  5  6  7  8  9 |
---------------+----------------------------+-----
Maces & Flails | 4 5 6 7 8 |  8.0
Fighting       | 4 5 |  5.5
Stealth        | 1 2 |  2.2
Armour         | 3 4 5 6 |  6.1
Dodging        | 3 4 |  4.0
Shields        | 1 |  1.7

Action                     |  1- 3 |  4- 6 |  7- 9 || total
---------------------------+-------+-------+-------++-------
  Melee: Mace              |    43 |       |       ||    43
         Club              |       |   134 |   179 ||   313
 Invoke: Berserk           |       |     5 |     9 ||    14
         Trog's Hand       |       |     4 |     3 ||     7
   Stab: Sleeping          |       |     1 |     1 ||     2
         Distracted        |       |       |     1 ||     1
 Armour: Leather armour    |    34 |     5 |       ||    39
         Ring mail         |       |    57 |   131 ||   188
  Dodge: Dodged            |    31 |    66 |    96 ||   193
  Block: Buckler           |       |     4 |    35 ||    39

Table legend: (Time is in decaauts)
 A = Elapsed time spent in this place.
 B = Non-inter-level travel time spent in this place.
 C = Inter-level travel time spent in this place.
 D = Time resting spent in this place.
 E = Time spent auto-exploring this place.
 F = Levels seen in this place.
 G = Mean time per level.
                   A        B        C        D        E       F      G
               +--------+--------+--------+--------+--------+-----+--------+
         Total |   6105 |   6009 |     96 |      0 |   3477 |   7 |  872.1 |
       Dungeon |   6105 |   6009 |     96 |      0 |   3477 |   7 |  872.1 |
               +--------+--------+--------+--------+--------+-----+--------+

Top non-repeatable levels by time:
     D:5: 1401 daAuts
     D:4: 1051 daAuts
     D:6: 1017 daAuts
     D:3: 935 daAuts
     D:2: 866 daAuts
     D:1: 621 daAuts
     D:7: 212 daAuts
